 Dungeon Crawl Stone Soup version 0.16.0-8-gd9ae3a8 (webtiles) character file.

1489 RobertPalmer the Covert (level 8, -5/46 HPs)
             Began as an Octopode Venom Mage on Mar 16, 2015.
             Was a Believer of Cheibriados.
             Slain by an ice beast (14 damage)
             ... on level 8 of the Dungeon.
             The game lasted 00:22:53 (7597 turns).

RobertPalmer the Covert (Octopode Venom Mage)       Turns: 7597, Time: 00:22:53

Health: -5/46      AC:  3    Str: 11    XL:     8   Next: 80%
Magic:  19/22      EV: 12    Int: 21    God:    Cheibriados [**....]
Gold:   313        SH:  6    Dex: 19    Spells: 3 memorised, 5 levels left

rFire  + . .     SeeInvis .     N - +1 dagger (elec)
rCold  . . .     Clarity  .     u - +2 buckler
rNeg   . . .     SustAb   .     L - +2 hat
rPois  +         Gourm    .     r - amulet of resist corrosion {rCorr, !d}
rElec  .         Spirit   .     o - ring of magical power {MP+9}
rCorr  +         Warding  .     d - ring of protection from fire {rF+, !d}
rMut   .         Stasis   .     a - ring of poison resistance {rPois, !d}
MR     .....                    (no ring)
Stlth  ++++++....               (no ring)
                                (no ring)
                                (no ring)
                                (no ring)

@: very slow, not resistant to hostile enchantments, very stealthy
A: almost no armour, amphibious, 8 rings, constrict 8, camouflage 1, gelatinous
body 1
a: Bend Time, Renounce Religion


You were on level 8 of the Dungeon.
You worshipped Cheibriados.
Cheibriados was pleased with you.
You were not hungry.

You visited 2 branches of the dungeon, and saw 9 of its levels.

You collected 313 gold pieces.

Inventory:

Hand weapons
 z - a +0 blowgun
   (You took it off a kobold on level 4 of the Dungeon)
 N - a +1 dagger of electrocution (weapon)
   (You found it on level 2 of the Dungeon)
Missiles
 i - 3 javelins (quivered)
 A - 20 poisoned needles
 H - 2 needles of sleeping
Armour
 u - a +2 buckler (worn)
   (You found it on level 3 of the Dungeon)
 L - a +2 hat (worn)
   (You found it on level 5 of the Dungeon)
Magical staves
 w - an uncursed staff of conjuration {unknown}
   (You found it on level 6 of the Dungeon)
Jewellery
 a - a ring of poison resistance (on tentacle) {rPois, !d}
   (You found it on level 1 of the Dungeon)
 d - a ring of protection from fire (right tentacle) {rF+, !d}
   (You found it on level 3 of the Dungeon)
 n - an uncursed ring of fire {unknown}
   (You found it on level 6 of the Dungeon)
 o - a ring of magical power (left tentacle) {MP+9}
   (You found it on level 2 of the Dungeon)
 r - an amulet of resist corrosion (around mantle) {rCorr, !d}
   (You found it on level 2 of the Dungeon)
 Q - an uncursed amulet of guardian spirit {unknown}
   (You found it on level 7 of the Dungeon)
Scrolls
 e - a scroll of silence {unknown}
 h - 4 scrolls of remove curse
 j - a scroll of blinking {unknown}
 m - 4 scrolls of amnesia
 v - 2 scrolls of fog {unknown}
 y - a scroll of enchant armour {unknown}
 B - 3 scrolls of teleportation
 C - 3 scrolls of recharging {unknown}
 D - 4 scrolls of immolation {unknown}
 E - a scroll of identify
 G - a scroll of magic mapping {unknown}
 R - a scroll of noise {unknown}
Potions
 f - 2 potions of heal wounds {unknown}
 g - a potion of invisibility {unknown}
 k - a potion of brilliance
 q - a potion of resistance {unknown}
 t - a potion of flight {unknown}
 x - 2 potions of cancellation
 F - 2 potions of poison {!q}
 I - a potion of berserk rage {unknown}
 J - 2 potions of might {unknown}
 O - 2 potions of haste {unknown}
Books
 b - a Young Poisoner's Handbook
 K - a book of Battle
   (You found it on level 5 of the Dungeon)
 P - a book of Air
   (You found it on level 7 of the Dungeon)
Comestibles
 c - 4 bread rations
 p - a meat ration
 s - a beef jerky
 S - 7 fruits


   Skills:
 + Level 4.7 Short Blades
 - Level 2.0 Dodging
 - Level 9.0 Stealth
 - Level 2.0 Spellcasting
 - Level 7.1 Conjurations
 - Level 4.8 Poison Magic


You had 5 spell levels left.
You knew the following spells:

 Your Spells              Type           Power        Failure   Level  Hunger
a - Sting                 Conj/Pois      ####         2%          1    #......
d - Repel Missiles        Chrm/Air       #.....       38%         2    ##.....
x - Mephitic Cloud        Conj/Pois/Air  ###.....     17%         3    ###....


Dungeon Overview and Level Annotations

Branches:
Dungeon (8/15)             Temple (1/1) D:5
   Lair: D:8-11

Altars:
Ashenzari
Cheibriados
Dithmenos
Elyvilon
Fedhas
Gozag
Kikubaaqudgha
Makhleb
Nemelex Xobeh
Okawaru
Qazlal
Ru
Vehumet
Xom
Yredelemnul
Zin
The Shining One


Innate Abilities, Weirdness & Mutations

You cannot wear most types of armour.
You are amphibious.
You can wear up to eight rings at the same time.
You can use your tentacles to constrict many enemies at once.
Your skin changes colour to match your surroundings (Stealth).
Your rubbery body absorbs attacks (AC +1).


Message History

The hippogriff struggles against the net.
Your shield prevents you from hitting the hippogriff.
The hippogriff struggles against the net.
You hit the hippogriff but do no damage.
The hippogriff struggles against the net.
Your shield prevents you from hitting the hippogriff.
The hippogriff struggles against the net.
The net rips apart, and the hippogriff comes free!
You hit the hippogriff.
The hippogriff is lightly wounded.
The hippogriff closely misses you. The hippogriff barely misses you.
The hippogriff claws you.
An orc wizard comes into view. It is wielding a dagger.
Throwing (i - inventory. (,) - cycle):
l - a throwing net (quivered)
{=f, !d}
Press: ? - help, Shift-Dir - straight line, f/p - hippogriff
Aim: a hippogriff (lightly wounded)
You throw a throwing net {=f, !d}.
The throwing net {=f, !d} hits the hippogriff.
The hippogriff is caught in the net!
The hippogriff is lightly wounded.
The orc wizard shouts!
The hippogriff struggles against the net.
You hit the hippogriff.
The hippogriff is moderately wounded.
The hippogriff struggles against the net.
An orc wizard comes into view. It is wielding a dagger.
The orc wizard shouts!
You hit the hippogriff.
There is a sudden explosion of sparks!
You squeeze the hippogriff.
The hippogriff is severely wounded.
The orc wizard gestures at you while chanting.
The magic dart hits you!
You hit the hippogriff but do no damage.
You squeeze the hippogriff!
The hippogriff is almost dead.
The hippogriff struggles against the net.
The orc wizard casts a spell at you. The magic dart hits you!
Your shield prevents you from hitting the hippogriff.
The hippogriff is almost dead.
The hippogriff struggles against the net.
The helpless hippogriff fails to defend itself.
You impale the hippogriff!!!
There is a sudden explosion of sparks!
You kill the hippogriff!
Cheibriados appreciates the change of pace.
Your Short Blades skill increases to level 4!
Drink which item? (? for menu, Esc to quit)
It was a potion of cancellation.
You feel magically purged.
Drink which item? (? for menu, Esc to quit)
Okay, then.
You hit the orc wizard!
There is a sudden explosion of sparks!
You kill the orc wizard!
Cheibriados appreciates the change of pace.
The orc wizard casts a spell at you. The magic dart hits you!
* * * LOW HITPOINT WARNING * * *
Casting: Sting
Confirm with . or Enter, or press ? or * to list all spells.
Aiming: Mephitic Cloud
Press: ? - help, Shift-Dir - straight line, f - orc wizard
Aim: an orc wizard, wielding a dagger and wearing a robe The ball explodes into a vile cloud!
The stinking cloud engulfs the orc wizard.
The orc wizard is engulfed in noxious fumes.
Casting: Mephitic Cloud
Confirm with . or Enter, or press ? or * to list all spells.
Aiming: Sting
Press: ? - help, Shift-Dir - straight line, f/p - orc wizard
Aim: an orc wizard, wielding a dagger and wearing a robe (noxious fumes)
The sting hits the orc wizard.
The orc wizard is poisoned.
The orc wizard is lightly wounded.
The orc wizard is engulfed in noxious fumes.
The orc wizard appears confused.
Things that are here:
a dagger; a robe You hit the orc wizard!
You kill the orc wizard!
Cheibriados thoroughly appreciates the change of pace.
There isn't anything to butcher here.
An ice beast comes into view.
Things that are here:
a dagger; a robe; an orc corpse You butcher the orc corpse.
Items here: % ) [ รท a dagger; a robe; 2 chunks of flesh; an orc skeleton Read which item? (? for menu, Esc to quit)
Okay, then.
Drink which item? (? for menu, Esc to quit)
Okay, then.
Okay, then.
Casting: Sting
Confirm with . or Enter, or press ? or * to list all spells.
Okay, then.
You completely miss the ice beast. You hit the ice beast.
The ice beast is lightly wounded.
The ice beast hits you.
* * * LOW HITPOINT WARNING * * *
The ice beast freezes you!
You die...

#.##.# #.#.####....
#.##.# #...........
#.##.# ###.###.....
#.##.# ####.###.....
.....###............
..........###.....
#..###.##.###.....
#Y..)..........###
##@.###.##.####.###
#..)...............
#...###.#######.###
#...###.#######.#
#...............#
##+####....###.##
###....# #.#
#......# #.#
#...<..+ ..#


You could see an ice beast.

Vanquished Creatures
  A hippogriff (D:8)
  A water moccasin (D:7)
  2 ogres
  A giant frog (D:6)
  A giant frog zombie (D:6)
  A goliath beetle (D:6)
  A centaur zombie (D:8)
  3 crimson imps
  3 hounds
  A jelly (D:8)
  4 orc priests
  5 orc wizards
  5 worker ants
  2 iguanas (D:7)
  A hound skeleton (D:5)
  A worker ant zombie (D:5)
  12 adders
  2 giant mites
  3 worms
  An adder skeleton (D:4)
  An adder zombie (D:5)
  3 giant geckos
  2 oozes
  22 orcs
  A ball python (D:2)
  13 bats
  5 giant cockroaches
  14 hobgoblins
  4 quokkas
  A giant gecko skeleton (D:6)
  3 giant newts
  9 goblins
  13 kobolds
  18 rats
160 creatures vanquished.

Vanquished Creatures (others)
  A goblin (D:3)
  A quokka (D:3)
2 creatures vanquished.

Grand Total: 162 creatures vanquished

Notes
Turn   | Place    | Note
--------------------------------------------------------------
     0 | D:1      | RobertPalmer, the Octopode Venom Mage, began the quest for the Orb.
     0 | D:1      | Reached XP level 1. HP: 11/11 MP: 3/3
   254 | D:1      | Reached skill level 1 in Conjurations
   361 | D:1      | Reached XP level 2. HP: 17/17 MP: 1/4
   853 | D:1      | Reached skill level 2 in Conjurations
   987 | D:2      | Reached XP level 3. HP: 21/21 MP: 0/6
  1164 | D:2      | Reached skill level 3 in Conjurations
  1588 | D:2      | Reached XP level 4. HP: 27/27 MP: 4/7
  1889 | D:3      | Found a white marble altar of Elyvilon.
  2160 | D:3      | Reached skill level 4 in Conjurations
  2247 | D:3      | HP: 6/27 [poisoned by an adder]
  2253 | D:3      | HP: 5/27 [poisoned by an adder]
  2261 | D:3      | HP: 3/27 [poisoned by an adder]
  2683 | D:3      | Reached XP level 5. HP: 31/31 MP: 7/9
  3104 | D:3      | Reached skill level 5 in Conjurations
  3295 | D:4      | Reached XP level 6. HP: 30/36 MP: 7/10
  3769 | D:4      | Reached skill level 6 in Conjurations
  3846 | D:4      | Found a shimmering altar of Xom.
  3852 | D:4      | Found a shattered altar of Ashenzari.
  3855 | D:4      | Found an iron altar of Okawaru.
  4190 | D:4      | HP: 9/36 [poisoned by a worker ant]
  4194 | D:4      | HP: 3/36 [poison (a potion of poison)]
  4195 | D:4      | HP: 1/36 [worker ant (1)]
  4217 | D:4      | HP: 9/36 [orc wizard/magic dart (6)]
  4730 | D:5      | Entered Level 5 of the Dungeon
  4790 | D:5      | Reached XP level 7. HP: 41/41 MP: 12/12
  4832 | D:5      | Reached skill level 7 in Conjurations
  4936 | D:5      | Found a blossoming altar of Fedhas.
  5259 | D:5      | Found a staircase to the Ecumenical Temple.
  5353 | Temple   | Entered the Ecumenical Temple
  5471 | Temple   | Became a worshipper of Cheibriados the Contemplative
  5898 | D:5      | Reached skill level 3 in Stealth
  5969 | D:6      | Found a staircase to the Ecumenical Temple.
  6061 | D:6      | Learned a level 3 spell: Mephitic Cloud
  6231 | D:6      | Reached skill level 4 in Stealth
  6366 | D:6      | Reached skill level 5 in Stealth
  6437 | D:6      | Acquired Cheibriados' first power
  6476 | D:6      | Reached skill level 6 in Stealth
  6562 | D:6      | Reached skill level 7 in Stealth
  6644 | D:6      | Reached XP level 8. HP: 43/46 MP: 13/13
  6833 | D:7      | Found a sacrificial altar of Ru.
  6837 | D:7      | Reached skill level 8 in Stealth
  6895 | D:7      | Found a shadowy altar of Dithmenos.
  7013 | D:7      | Reached skill level 9 in Stealth
  7053 | D:7      | Reached skill level 1 in Short Blades
  7263 | D:7      | Learned a level 2 spell: Repel Missiles
  7382 | D:7      | Reached skill level 2 in Short Blades
  7478 | D:8      | Reached skill level 3 in Short Blades
  7587 | D:8      | Reached skill level 4 in Short Blades
  7589 | D:8      | HP: 10/46 [orc wizard/magic dart (8)]
  7597 | D:8      | HP: 9/46 [ice beast (2)]
  7597 | D:8      | Slain by an ice beast

Action                   |  1- 3 |  4- 6 |  7- 9 || total
-------------------------+-------+-------+-------++-------
Melee: Club              |     9 |     4 |       ||    13
       Unarmed           |     1 |       |       ||     1
       Dagger            |       |    91 |    85 ||   176
 Fire: Blowgun           |       |       |     3 ||     3
Throw: Javelin           |       |     3 |    11 ||    14
       Throwing net      |       |       |     4 ||     4
 Cast: Sting             |    43 |   134 |    28 ||   205
       Mephitic Cloud    |       |       |     3 ||     3
  Use: Scroll            |       |     2 |     4 ||     6
       Potion            |       |     4 |     2 ||     6
 Stab: Sleeping          |       |     6 |    15 ||    21
       Distracted        |       |     1 |     1 ||     2
       Held in net/web   |       |       |     1 ||     1
  Eat: Chunk             |     3 |    12 |     6 ||    21
       Pizza             |       |       |     1 ||     1

Vault maps used:
D:1:      dpeg_arrival_shrine, serial_forest, infiniplex_forest_lined_2,
          infiniplex_forest_clump_curved, infiniplex_forest_corner_2,
          infiniplex_forest_straight_5, infiniplex_forest_lined_4_way,
          infiniplex_forest_lined_4_way, infiniplex_forest_end_1,
          infiniplex_forest_clump_tiny
D:2:      first_bread, minivault_25
D:3:      elyvilon_altar_4
D:4:      grunt_temple_overflow_diamond, st_stairs_7, wad_floor_pattern_1
D:5:      fedhas_altar_4, minmay_temple_entry_fiery
D:6:      minmay_temple_entry_purple_smoke, hangedman_decor_push,
          minmay_misc_feat_ornament
D:7:      nicolae_overflow_crystal_walls, lemuel_crystal_altar
Temple:   oiseaux_autumnal_temple_12

Table legend:
 A = Turns spent in this place as a percentage of turns spent in the entire game.
 B = Non-inter-level travel turns spent in this place as a percentage of non-inter-level travel turns spent in the entire game.
 C = Inter-level travel turns spent in this place as a percentage of turns spent in this place.
 D = Turns resting spent in this place as a percentage of non-inter-level travel turns spent in this place.
 E = Turns spent auto-exploring this place as a percentage of non-inter-level travel turns spent in this place.
 F = Non-inter-level travel turns spent in this place divided by the number of levels of this place that you've seen.
                   A       B       C       D       E      F
               +-------+-------+-------+-------+-------+----------------------
         Total | 100.0 | 100.0 |   0.7 |   1.4 |   6.9 | 296.1
       Dungeon |  94.1 |  94.1 |   0.7 |   1.5 |   7.4 | 313.4
        Temple |   5.9 |   5.9 |   0.0 |   0.0 |   0.0 | 158.0
               +-------+-------+-------+-------+-------+----------------------

Table legend:
 A = Kills in this place as a percentage of kills in entire the game.
 B = Kills by you in this place as a percentage of kills by you in the entire game.
 C = Kills by friends in this place as a percentage of kills by friends in the entire game.
 D = Other kills in this place as a percentage of other kills in the entire game.
 E = Experience gained in this place as a percentage of experience gained in the entire game.
 F = Experience gained in this place divided by the number of levels of this place that you have seen.
                   A       B       C       D       E      F
               +-------+-------+-------+-------+-------+----------------------
         Total | 100.0 | 100.0 |  -nan |  -nan | 100.0 | 236.4
       Dungeon | 100.0 | 100.0 |  -nan |  -nan | 100.0 | 266.0
               +-------+-------+-------+-------+-------+----------------------
